 Dungeon Crawl Stone Soup version 0.30-a0-169-g06f667207d (webtiles) character file.

Game seed: 8471367151179444052

7492 qw the Cleaver (level 11, -19/68 HPs)
             Began as a Gargoyle Fighter on Sept 29, 2022.
             Was an Elder of Okawaru.
             Hit by a javelin thrown by Urug (22 damage)
             ... on level 10 of the Dungeon.
             The game lasted 00:04:20 (12431 turns).

qw the Cleaver (Gargoyle Fighter)                  Turns: 12431, Time: 00:04:21

Health: -19/68     AC: 24    Str: 25    XL:     11   Next: 16%
Magic:  23/23      EV:  7    Int:  8    God:    Okawaru [****..]
Gold:   301        SH:  4    Dex:  9    Spells: 10/10 levels left

rFire   . . .      SeeInvis .    x - +0 broad axe (drain)
rCold   . . .      Faith    .    c - +0 buckler
rNeg    + . .      Spirit   .    l - +0 plate armour
rPois   inf        Reflect  .    h - +1 helmet
rElec   +          Harm     .    t - +0 cloak
rCorr   +          Rampage  .    (no gloves)
Will    .....                    (no boots)
Stlth   ..........               (no amulet)
HPRegen 0.21/turn                p - ring "Callaj" {rCorr MP+9}
MPRegen 0.18/turn                (no ring)

@: no status effects
A: sickness immunity, AC +8, negative energy resistance 1, electricity
resistance, torment resistance 1, petrification resistance
a: Renounce Religion, Heroism, Finesse


You were on level 10 of the Dungeon.
You worshipped Okawaru.
Okawaru was greatly pleased with you.
You visited 2 branches of the dungeon, and saw 11 of its levels.

You collected 561 gold pieces.
You spent 260 gold pieces at shops.


Innate Abilities, Weirdness & Mutations

You are immune to sickness and miasma.
Your stone body is resilient. (AC +8)
You are immune to poison.
You resist negative energy. (rN+)
You are resistant to electric shocks. (rElec)
You are resistant to unholy torment.
You are immune to petrification.


   Skills:
 + Level 8.1 Fighting
 - Level 11.0 Axes
 - Level 4.1 Throwing
 - Level 7.2 Armour
 - Level 1.8 Dodging
 - Level 5.1 Shields
 + Level 5.1 Invocations


You had 10 spell levels left.
You didn't know any spells.
Your spell library was empty.

Inventory:

Hand Weapons
 r - a +1 vorpal morningstar
 x - a +0 broad axe of draining (weapon)
Missiles
 v - 2 boomerangs (quivered)
Armour
 c - a +0 buckler (worn)
 f - +0 acid dragon scales
 h - a +1 helmet (worn)
 l - a +0 plate armour (worn)
 m - a +2 scale mail of cold resistance
 t - a +0 cloak (worn)
Jewellery
 p - the ring "Callaj" (left hand) {rCorr MP+9}
   (You acquired it on level 7 of the Dungeon)

   [ring of resist corrosion]

   MP:        It affects your magic capacity (+9).
   rCorr:     It protects you from acid and corrosion.
 u - a ring of fire
 w - a ring of resist corrosion
Scrolls
 a - 3 scrolls of identify
 i - 4 scrolls of teleportation
Potions
 b - a potion of haste {unknown}
 d - a potion of might
 g - a potion of cancellation
 j - 3 potions of curing
 k - a potion of mutation
 n - 4 potions of lignification
 o - a potion of flight {unknown}
 q - 4 potions of attraction
 z - a potion of heal wounds

Dungeon Overview and Level Annotations

Branches:
Dungeon (10/15)            Temple (1/1) D:6             Orc (0/2) D:9
   Lair: D:8-11

Altars:
Ashenzari
Cheibriados
Dithmenos
Elyvilon
Fedhas
Gozag
Hepliaklqana
Kikubaaqudgha
Makhleb
Nemelex Xobeh
Okawaru
Qazlal
Ru
Sif Muna
Trog
Uskayaw
Vehumet
Wu Jian
Xom
Yredelemnul
Zin
The Shining One

Shops:
D:1 [   D:10 *

Annotations:
D:10 Urug


Message History

Urug is moderately wounded.
Throw: 2 boomerangs
Press: ? - help, Q - select action Shift-Dir - straight line, f/p - Urug You throw a boomerang.
The boomerang closely misses Urug.
Urug throws a javelin.
The javelin barely misses you.
Throw: 2 boomerangs
Press: ? - help, Q - select action Shift-Dir - straight line, f/p - Urug You throw a boomerang.
The boomerang hits Urug.
Urug is heavily wounded.
The cyclops throws a large rock.
The large rock hits you!
Throw: 2 boomerangs
Press: ? - help, Q - select action Shift-Dir - straight line, f/p - Urug You throw a boomerang.
The boomerang barely misses Urug.
The cyclops throws a large rock.
The large rock hits you!!
12405 ||| FLEEEEING.
12406 ||| FLEEEEING.
12407 ||| FLEEEEING.
12408 ||| FLEEEEING.
12409 ||| FLEEEEING.
Urug throws a javelin.
The javelin barely misses you.
12410 ||| FLEEEEING.
Urug throws a javelin.
The javelin pierces through you!
12411 ||| FLEEEEING.
12412 ||| FLEEEEING.
12413 ||| FLEEEEING.
12414 ||| FLEEEEING.
Urug adjusts her eyepatch.
Urug throws a javelin.
The javelin pierces through you.
12415 ||| FLEEEEING.
12416 ||| FLEEEEING.
12418 ||| FLEEEEING.
12419 ||| FLEEEEING.
You feel like a meek peon again.
You start resting.
Urug is nearby!
12430 ||| FLEEEEING.
Urug throws a javelin.
The javelin pierces through you!
12431 ||| FLEEEEING.
Urug throws a javelin.
The javelin pierces through you!!
You die...

#.#.#.# #####.#. # #...#.#
#...#.# # ##..#.###.#.#.#
# ###.#.#...#.#.##### #
+......#.##.#.#.[.+..... #
#####.....#.#.#.###..... #
###.#...#.....#..... +
#.#.###.....#..... #####
#...#....@..#.....####....
###o..#######..)..#.......
#.#......# #.##........
#........# #...........
###......# ##+##'##+###
#......# #.....#.....#
#......###.....#....)#
#......#.+##+##)##'##'
#.....)..#..#..)..#..#


You could see Urug.

Vanquished Creatures
  A two-headed ogre (D:10)
  A manticore (D:10)
  Maggie (D:10)
  A troll (D:10)
  2 hornets
  A wyvern (D:9)
  A wraith (D:10)
  A vampire (D:9)
  4 yaks
  4 humans (D:8)
  Grum (D:10)
  Edmund (D:4)
  2 water moccasins (D:8)
  An acid dragon (D:8)
  2 ice beasts
  3 orc warriors
  An ogre (D:4)
  3 wolves (D:10)
  5 centaurs
  3 kobold brigands
  3 bullfrogs
  5 scorpions
  A necrophage (D:6)
  10 wights (D:8)
  7 hounds
  A jelly (D:5)
  4 orc priests
  A gnoll bouda (D:8)
  Jessica (D:2)
  Terence (D:2)
  7 iguanas
  11 orc wizards
  7 gnolls
  5 adders
  A shadow imp (D:5)
  A white imp (D:6)
  An ufetubus (D:5)
  3 dart slugs
  37 orcs
  7 bats
  9 endoplasms
  5 giant cockroaches
  17 goblins
  10 hobgoblins
  15 jackals
  4 quokkas
  8 ball pythons
  5 frilled lizards
  23 kobolds
  5 rats
254 creatures vanquished.

Vanquished Creatures (others)
  An orc wizard (D:10)
1 creature vanquished.

Grand Total: 255 creatures vanquished

Notes
Turn   | Place    | Note
-------+----------+-------------------------------------------
     0 | D:1      | qw the Gargoyle Fighter began the quest for the Orb.
     0 | D:1      | Reached XP level 1. HP: 14/14 MP: 1/1
     0 | D:1      | 0 ||| qw: Version: 0.2-a-12-gaebbb33
     0 | D:1      | 0 ||| qw: Game counter: 1350
     0 | D:1      | 0 ||| qw: Always use a shield: true
     0 | D:1      | 0 ||| qw: God list: Okawaru
     0 | D:1      | 0 ||| qw: Allow faded altars: false
     0 | D:1      | 0 ||| qw: Do Orc after D:15 true
     0 | D:1      | 0 ||| qw: Do second Lair branch before Depths: true
     0 | D:1      | 0 ||| qw: Lair rune preference: random
     0 | D:1      | 0 ||| qw: Plans: Normal, Zot:1-4, God:TSO, Crypt, Tomb,
                  | Pan, Slime:5, Hells, Abyss, Orb
     0 | D:1      | 0 ||| PLANNING D:1-11
    55 | D:1      | Reached skill level 2 in Axes
   220 | D:1      | 220 ||| Stepping ~*~*~tactically~*~*~ (stealth).
   331 | D:1      | Reached XP level 2. HP: 19/19 MP: 2/2
   392 | D:1      | 392 ||| Stepping ~*~*~tactically~*~*~ (hiding).
   393 | D:1      | 393 ||| Stepping ~*~*~tactically~*~*~ (hiding).
   504 | D:1      | 504 ||| Stepping ~*~*~tactically~*~*~ (stealth).
   505 | D:1      | 505 ||| Stepping ~*~*~tactically~*~*~ (stealth).
   507 | D:1      | 507 ||| Stepping ~*~*~tactically~*~*~ (stealth).
   508 | D:1      | 508 ||| Stepping ~*~*~tactically~*~*~ (stealth).
   618 | D:1      | Reached skill level 3 in Axes
   623 | D:1      | Found Riusot's Armour Boutique.
   639 | D:1      | Reached XP level 3. HP: 23/23 MP: 3/3
   644 | D:1      | 644 ||| SHOPLISTING +2 chain mail "Bageph" {Will- Regen+
                  | Dex-2 Stlth+} (159 gold, have 91).
  1062 | D:1      | 1062 ||| UPGRADING to +0 helmet.
  1067 | D:1      | 1067 ||| READING 2 scrolls labelled HULEDO XIAHE.
  1068 | D:1      | 1068 ||| DRINKING 2 emerald potions.
  1069 | D:1      | 1069 ||| DROPPING potion of invisibility.
  1105 | D:2      | 1105 ||| STAIRDANCE
  1111 | D:2      | 1111 ||| STAIRDANCE
  1119 | D:2      | 1119 ||| STAIRDANCE
  1167 | D:2      | Noticed Terence
  1173 | D:2      | Killed Terence
  1174 | D:2      | Reached skill level 4 in Axes
  1174 | D:2      | Reached XP level 4. HP: 22/28 MP: 4/4
  1232 | D:2      | 1232 ||| DROPPING +0 club.
  1358 | D:2      | Found a faded altar of an unknown god.
  1361 | D:2      | Noticed a floating eye
  1367 | D:2      | Noticed a great orb of eyes
  1370 | D:2      | Noticed an eye of devastation
  1370 | D:2      | Noticed a great orb of eyes
  1843 | D:2      | Noticed Jessica
  1845 | D:2      | 1845 ||| Stepping ~*~*~tactically~*~*~ (hiding).
  1850 | D:2      | Killed Jessica
  2071 | D:2      | 2071 ||| UPGRADING to +2 scale mail of cold resistance.
  2081 | D:2      | 2081 ||| DROPPING +0 scale mail.
  2082 | D:2      | 2082 ||| READING 3 scrolls labelled KIRYOP XINIV.
  2083 | D:2      | 2083 ||| READING scroll labelled XUEWOMU PISIA.
  2084 | D:2      | 2084 ||| READING scroll labelled BEQUANUREA.
  2085 | D:2      | 2085 ||| READING scroll labelled VIKKAT PAJONEU.
  2086 | D:2      | 2086 ||| READING 2 scrolls of identify.
  2086 | D:2      | 2086 ||| IDENTIFYING green potion
  2087 | D:2      | 2087 ||| DROPPING 2 scrolls of poison.
  2088 | D:2      | 2088 ||| DROPPING potion of degeneration.
  2135 | D:3      | Reached XP level 5. HP: 29/32 MP: 5/5
  2182 | D:3      | 2182 ||| Stepping ~*~*~tactically~*~*~ (stealth).
  2232 | D:3      | Found a stormy altar of Qazlal.
  2397 | D:3      | 2397 ||| Stepping ~*~*~tactically~*~*~ (stealth).
  2400 | D:3      | 2400 ||| Stepping ~*~*~tactically~*~*~ (stealth).
  2405 | D:3      | 2405 ||| Stepping ~*~*~tactically~*~*~ (stealth).
  2406 | D:3      | 2406 ||| Stepping ~*~*~tactically~*~*~ (stealth).
  2407 | D:3      | 2407 ||| Stepping ~*~*~tactically~*~*~ (stealth).
  2416 | D:3      | 2416 ||| Stepping ~*~*~tactically~*~*~ (stealth).
  2427 | D:3      | 2427 ||| Stepping ~*~*~tactically~*~*~ (stealth).
  2488 | D:3      | 2488 ||| Stepping ~*~*~tactically~*~*~ (stealth).
  2624 | D:3      | 2624 ||| Stepping ~*~*~tactically~*~*~ (hiding).
  2633 | D:3      | Reached skill level 1 in Throwing
  2651 | D:3      | 2651 ||| Stepping ~*~*~tactically~*~*~ (stealth).
  3040 | D:3      | 3040 ||| DROPPING orb of mayhem.
  3041 | D:3      | 3041 ||| READING 2 scrolls labelled MELASIEDD.
  3046 | D:3      | 3046 ||| DRINKING 2 fizzy cyan potions.
  3047 | D:3      | 3047 ||| READING 2 scrolls of identify.
  3047 | D:3      | 3047 ||| IDENTIFYING black potion
  3048 | D:3      | 3048 ||| DROPPING potion of berserk rage.
  3098 | D:4      | 3098 ||| Stepping ~*~*~tactically~*~*~ (stealth).
  3110 | D:4      | Reached skill level 5 in Axes
  3268 | D:4      | 3268 ||| FLEEEEING.
  3270 | D:4      | 3270 ||| STAIRDANCE
  3430 | D:4      | Noticed an ogre
  3431 | D:4      | 3431 ||| Stepping ~*~*~tactically~*~*~ (stealth).
  3446 | D:4      | Killed an ogre
  3447 | D:4      | Reached skill level 1 in Dodging
  3447 | D:4      | Reached XP level 6. HP: 38/38 MP: 6/6
  3768 | D:4      | 3768 ||| FLEEEEING.
  3769 | D:4      | 3769 ||| FLEEEEING.
  3770 | D:4      | 3770 ||| FLEEEEING.
  3771 | D:4      | 3771 ||| FLEEEEING.
  3772 | D:4      | 3772 ||| FLEEEEING.
  3773 | D:4      | 3773 ||| FLEEEEING.
  3774 | D:4      | 3774 ||| FLEEEEING.
  3775 | D:4      | 3775 ||| FLEEEEING.
  3778 | D:4      | 3778 ||| FLEEEEING.
  4026 | D:4      | Noticed Edmund
  4051 | D:4      | HP: 7/38 [Edmund/+2 flail of holy wrath (4)]
  4052 | D:4      | 4052 ||| READING scroll of teleportation.
  4053 | D:4      | 4053 ||| DRINKING 2 potions of heal wounds.
  4110 | D:4      | 4110 ||| Stepping ~*~*~tactically~*~*~ (stealth).
  4111 | D:4      | 4111 ||| Stepping ~*~*~tactically~*~*~ (stealth).
  4116 | D:4      | Killed Edmund
  4117 | D:4      | Reached skill level 6 in Axes
  4117 | D:4      | Reached XP level 7. HP: 43/43 MP: 7/7
  4119 | D:4      | 4119 ||| DROPPING +0 flail.
  4393 | D:4      | Found a shimmering altar of Xom.
  4393 | D:4      | Found a shimmering blue altar of Sif Muna.
  4499 | D:4      | Found a snail-covered altar of Cheibriados.
  4559 | D:4      | 4559 ||| UPGRADING to +0 plate armour.
  4569 | D:4      | 4569 ||| DROPPING +0 chain mail.
  4570 | D:4      | 4570 ||| READING 3 scrolls of identify.
  4570 | D:4      | 4570 ||| IDENTIFYING inky potion
  4571 | D:4      | 4571 ||| READING 2 scrolls of identify.
  4571 | D:4      | 4571 ||| IDENTIFYING sedimented inky potion
  4572 | D:4      | 4572 ||| DROPPING potion of brilliance.
  4585 | D:5      | Entered Level 5 of the Dungeon
  4599 | D:5      | 4599 ||| STAIRDANCE
  5128 | D:5      | Reached XP level 8. HP: 42/48 MP: 8/8
  5218 | D:5      | Reached skill level 7 in Axes
  5776 | D:5      | 5776 ||| READING scroll labelled WICANAZASM.
  5777 | D:5      | 5777 ||| READING scroll labelled YDUEWNA QUFO.
  5862 | D:6      | 5862 ||| Stepping ~*~*~tactically~*~*~ (hiding).
  6005 | D:6      | 6005 ||| FLEEEEING.
  6090 | D:6      | Found a staircase to the Ecumenical Temple.
  6091 | D:6      | 6091 ||| PLANNING TEMPLE
  6099 | Temple   | Entered the Ecumenical Temple
  6161 | Temple   | 6161 ||| PLANNING OKAWARU WORSHIP
  6261 | Temple   | Became a worshipper of Warmaster Okawaru
  6262 | Temple   | 6262 ||| PLANNING D:1-11
  6423 | D:6      | Reached skill level 8 in Axes
  6555 | D:6      | 6555 ||| DRINKING 3 potions of curing.
  6555 | D:6      | 6555 ||| (to cure confusion)
  6596 | D:6      | Reached skill level 6 in Fighting
  6796 | D:6      | 6796 ||| DROPPING ring of flight.
  6797 | D:6      | 6797 ||| READING scroll labelled ZYSIPU XECOQI.
  6798 | D:6      | 6798 ||| DRINKING 3 fizzy green potions.
  6829 | D:6      | 6829 ||| DRINKING 4 brown potions.
  6893 | D:7      | 6893 ||| Stepping ~*~*~tactically~*~*~ (stealth).
  6898 | D:7      | 6898 ||| Stepping ~*~*~tactically~*~*~ (stealth).
  6901 | D:7      | 6901 ||| Stepping ~*~*~tactically~*~*~ (stealth).
  7052 | D:7      | 7052 ||| READING scroll of enchant armour.
  7052 | D:7      | 7052 ||| ENCHANTING +0 helmet.
  7144 | D:7      | 7144 ||| Stepping ~*~*~tactically~*~*~ (stealth).
  7153 | D:7      | Reached * piety under Okawaru
  7157 | D:7      | Reached skill level 1 in Invocations
  7157 | D:7      | Reached XP level 9. HP: 52/55 MP: 9/9
  7157 | D:7      | 7157 ||| Stepping ~*~*~tactically~*~*~ (stealth).
  7158 | D:7      | 7158 ||| Stepping ~*~*~tactically~*~*~ (stealth).
  7161 | D:7      | 7161 ||| Stepping ~*~*~tactically~*~*~ (stealth).
  7162 | D:7      | 7162 ||| Stepping ~*~*~tactically~*~*~ (stealth).
  7179 | D:7      | 7179 ||| Stepping ~*~*~tactically~*~*~ (stealth).
  7181 | D:7      | 7181 ||| Stepping ~*~*~tactically~*~*~ (stealth).
  7182 | D:7      | 7182 ||| Stepping ~*~*~tactically~*~*~ (stealth).
  7183 | D:7      | 7183 ||| Stepping ~*~*~tactically~*~*~ (stealth).
  7184 | D:7      | 7184 ||| Stepping ~*~*~tactically~*~*~ (stealth).
  7186 | D:7      | 7186 ||| Stepping ~*~*~tactically~*~*~ (stealth).
  7389 | D:7      | 7389 ||| READING scroll labelled LIN XAIDUAPER.
  7389 | D:7      | Identified a scroll of acquirement
  7389 | D:7      | 7389 ||| ACQUIRING ring "Callaj" {rCorr MP+9}
  7389 | D:7      | Acquired the ring "Callaj" {rCorr MP+9}
  7391 | D:7      | 7391 ||| UPGRADING to ring "Callaj" {rCorr MP+9}.
  7448 | D:7      | 7448 ||| READING 2 scrolls of identify.
  7448 | D:7      | 7448 ||| IDENTIFYING orange potion
  7481 | D:8      | 7481 ||| Stepping ~*~*~tactically~*~*~ (stealth).
  7482 | D:8      | 7482 ||| Stepping ~*~*~tactically~*~*~ (stealth).
  7608 | D:8      | Reached skill level 3 in Invocations
  7652 | D:8      | 7652 ||| INVOKING Heroism.
  7663 | D:8      | HP: 10/55 [orc warrior/+0 war axe (4)]
  7664 | D:8      | 7664 ||| READING 2 scrolls of teleportation.
  7665 | D:8      | 7665 ||| DRINKING potion of heal wounds.
  7860 | D:8      | 7860 ||| Stepping ~*~*~tactically~*~*~ (stealth).
  7994 | D:8      | Reached skill level 9 in Axes
  8092 | D:8      | 8092 ||| Stepping ~*~*~tactically~*~*~ (stealth).
  8130 | D:8      | 8130 ||| Stepping ~*~*~tactically~*~*~ (hiding).
  8136 | D:8      | Reached ** piety under Okawaru
  8146 | D:8      | 8146 ||| Stepping ~*~*~tactically~*~*~ (stealth).
  8153 | D:8      | 8153 ||| Stepping ~*~*~tactically~*~*~ (stealth).
  8155 | D:8      | 8155 ||| Stepping ~*~*~tactically~*~*~ (hiding).
  8163 | D:8      | 8163 ||| INVOKING Heroism.
  8212 | D:8      | 8212 ||| Stepping ~*~*~tactically~*~*~ (stealth).
  8292 | D:8      | 8292 ||| Stepping ~*~*~tactically~*~*~ (stealth).
  8306 | D:8      | 8306 ||| INVOKING Heroism.
  8321 | D:8      | 8321 ||| DRINKING 3 potions of curing.
  8321 | D:8      | 8321 ||| (to cure confusion)
  8333 | D:8      | 8333 ||| FLEEEEING.
  8334 | D:8      | 8334 ||| FLEEEEING.
  8338 | D:8      | 8338 ||| FLEEEEING.
  8339 | D:8      | 8339 ||| FLEEEEING.
  8340 | D:8      | 8340 ||| FLEEEEING.
  8341 | D:8      | 8341 ||| FLEEEEING.
  8342 | D:8      | 8342 ||| STAIRDANCE
  8439 | D:7      | 8439 ||| READING scroll labelled ZAGATS JOATAX.
  8448 | D:8      | 8448 ||| STAIRDANCE
  8709 | D:8      | 8709 ||| Stepping ~*~*~tactically~*~*~ (hiding).
  8714 | D:8      | 8714 ||| INVOKING Heroism.
  8761 | D:8      | Reached skill level 3 in Throwing
  8799 | D:8      | 8799 ||| INVOKING Heroism.
  8802 | D:8      | Reached skill level 6 in Armour
  8802 | D:8      | Reached XP level 10. HP: 44/63 MP: 13/13
  9256 | D:8      | 9256 ||| READING 2 scrolls of identify.
  9256 | D:8      | 9256 ||| IDENTIFYING puce potion
  9257 | D:8      | 9257 ||| DROPPING potion of ambrosia.
  9285 | D:9      | 9285 ||| INVOKING Heroism.
  9289 | D:9      | 9289 ||| STAIRDANCE
  9340 | D:9      | 9340 ||| INVOKING Heroism.
  9349 | D:9      | 9349 ||| STAIRDANCE
  9621 | D:9      | 9621 ||| INVOKING Heroism.
  9623 | D:9      | Reached skill level 10 in Axes
  9791 | D:9      | Found a glowing golden altar of the Shining One.
  9795 | D:9      | Found a staircase to the Orcish Mines.
  9880 | D:9      | Found a bloodstained altar of Trog.
  9899 | D:9      | 9899 ||| Stepping ~*~*~tactically~*~*~ (hiding).
  9900 | D:9      | 9900 ||| Stepping ~*~*~tactically~*~*~ (hiding).
  9903 | D:9      | 9903 ||| Stepping ~*~*~tactically~*~*~ (hiding).
  9904 | D:9      | 9904 ||| Stepping ~*~*~tactically~*~*~ (hiding).
  9907 | D:9      | 9907 ||| INVOKING Heroism.
 10010 | D:9      | Reached *** piety under Okawaru
 10468 | D:9      | 10468 ||| INVOKING Heroism.
 10500 | D:9      | 10500 ||| Stepping ~*~*~tactically~*~*~ (stealth).
 10583 | D:9      | 10583 ||| DROPPING +2 flail of holy wrath.
 10611 | D:9      | 10611 ||| Stepping ~*~*~tactically~*~*~ (hiding).
 10612 | D:9      | 10612 ||| Stepping ~*~*~tactically~*~*~ (hiding).
 10620 | D:9      | 10620 ||| INVOKING Heroism.
 10636 | D:9      | 10636 ||| Stepping ~*~*~tactically~*~*~ (stealth).
 10639 | D:9      | 10639 ||| INVOKING Heroism.
 11082 | D:9      | 11082 ||| UPGRADING to +0 cloak.
 11087 | D:9      | 11087 ||| READING scroll labelled AVIOLIFUOFO.
 11207 | D:10     | Entered Level 10 of the Dungeon
 11288 | D:10     | Found a radiant altar of Vehumet.
 11300 | D:10     | Found a hazy altar of Hepliaklqana.
 11324 | D:10     | Found an ancient bone altar of Kikubaaqudgha.
 11324 | D:10     | Noticed a manticore
 11325 | D:10     | 11325 ||| Stepping ~*~*~tactically~*~*~ (hiding).
 11329 | D:10     | 11329 ||| INVOKING Heroism.
 11341 | D:10     | HP: 13/64 [manticore (9)]
 11342 | D:10     | 11342 ||| READING 4 scrolls of teleportation.
 11344 | D:10     | HP: 6/64 [manticore (8)]
 11650 | D:10     | 11650 ||| Stepping ~*~*~tactically~*~*~ (hiding).
 11655 | D:10     | 11655 ||| Stepping ~*~*~tactically~*~*~ (hiding).
 11658 | D:10     | 11658 ||| DRINKING 4 potions of curing.
 11658 | D:10     | 11658 ||| (to cure confusion)
 11659 | D:10     | 11659 ||| INVOKING Heroism.
 11663 | D:10     | Killed a manticore
 11663 | D:10     | Received a gift from Okawaru
 11853 | D:10     | Found Wecheerph's General Store.
 11860 | D:10     | 11860 ||| BUYING ring of resist corrosion (260 gold).
 11860 | D:10     | Bought a ring of resist corrosion for 260 gold pieces
 11874 | D:10     | Noticed Maggie
 11875 | D:10     | 11875 ||| Stepping ~*~*~tactically~*~*~ (hiding).
 11895 | D:10     | 11895 ||| INVOKING Heroism.
 11896 | D:10     | Noticed Grum
 11898 | D:10     | Killed Maggie
 11908 | D:10     | Killed Grum
 11908 | D:10     | Reached **** piety under Okawaru
 11909 | D:10     | Reached skill level 11 in Axes
 11909 | D:10     | Reached XP level 11. HP: 29/68 MP: 14/14
 12091 | D:10     | 12091 ||| SWAPPING to +0 broad axe of draining.
 12092 | D:10     | 12092 ||| DROPPING +0 war axe.
 12171 | D:10     | Found a sacrificial altar of Ru.
 12172 | D:10     | 12172 ||| Stepping ~*~*~tactically~*~*~ (hiding).
 12173 | D:10     | 12173 ||| INVOKING Heroism.
 12293 | D:10     | Noticed a two-headed ogre
 12294 | D:10     | 12294 ||| INVOKING Heroism.
 12300 | D:10     | Killed a two-headed ogre
 12394 | D:10     | Noticed Urug
 12394 | D:10     | Noticed a cyclops
 12395 | D:10     | 12395 ||| Stepping ~*~*~tactically~*~*~ (stealth).
 12396 | D:10     | 12396 ||| INVOKING Heroism.
 12397 | D:10     | Noticed a cyclops
 12405 | D:10     | 12405 ||| FLEEEEING.
 12406 | D:10     | 12406 ||| FLEEEEING.
 12407 | D:10     | 12407 ||| FLEEEEING.
 12408 | D:10     | 12408 ||| FLEEEEING.
 12409 | D:10     | 12409 ||| FLEEEEING.
 12410 | D:10     | 12410 ||| FLEEEEING.
 12410 | D:10     | HP: 15/68 [Urug/javelin (12)]
 12411 | D:10     | 12411 ||| FLEEEEING.
 12412 | D:10     | 12412 ||| FLEEEEING.
 12413 | D:10     | 12413 ||| FLEEEEING.
 12414 | D:10     | 12414 ||| FLEEEEING.
 12415 | D:10     | 12415 ||| FLEEEEING.
 12416 | D:10     | 12416 ||| FLEEEEING.
 12418 | D:10     | 12418 ||| FLEEEEING.
 12419 | D:10     | 12419 ||| FLEEEEING.
 12430 | D:10     | 12430 ||| FLEEEEING.
 12430 | D:10     | HP: 3/68 [Urug/javelin (13)]
 12431 | D:10     | 12431 ||| FLEEEEING.
 12431 | D:10     | Hit by a javelin thrown by Urug

Levels and vault maps discovered:
D:1:      nicolae_arrival_memento_mori, layout_loops_ring, serial_shops,
          nicolae_shop_waterfront, grunt_decor_one_mirror
D:2:      layout_loops_ring, hellmonk_ecumenical_altar_watching_god,
          hangedman_decor_lopped, uniq_jessica, uniq_terence
D:3:      minmay_chambers_of_threes, layout_basic,
          mainiacjoe_overflow_concentric_impassable
D:4:      nicolae_cairo_tiling_large, layout_cave_pods, lemuel_doored_altar,
          gammafunk_temple_overflow_wave, uniq_edmund
D:5:      nicolae_BIG_FREAKIN_CUBE, layout_loops_ring
D:6:      layout_cave_pools, minmay_temple_entry_hall,
          nicolae_figureground_sparkle
D:7:      layout_cave_pools
D:8:      layout_loops_ring, minmay_ruffians
D:9:      minmay_general_purpose_star, layout_basic,
          mainiacjoe_overflow_cross_hatched, tso_metal_star
D:10:     layout_basic, mainiacjoe_overflow_24_doors,
          amethyst_overflow_temple_binary, serial_shops, shop,
          hangedman_feature_mirror, uniq_urug, uniq_fannar, uniq_maggie,
          uniq_grum
Temple:   hellmonk_temple_forest_ring

Skill      XL: |  1  2  3  4  5  6  7  8  9 10 11 |
---------------+----------------------------------+-----
Axes           | 2 3 4 5 6 8 9 11 | 11.0
Throwing       | 1 2 3 4 |  4.1
Fighting       | 4 6 7 8 |  8.1
Dodging        | 1 |  1.8
Armour         | 4 5 6 7 |  7.2
Invocations    | 1 4 5 |  5.1
Shields        | 4 5 |  5.1

Action                   |  1- 3 |  4- 6 |  7- 9 | 10-12 || total
-------------------------+-------+-------+-------+-------++-------
Melee: War axe           |    93 |   209 |   391 |   162 ||   855
       Broad axe         |       |       |       |    16 ||    16
Throw: Javelin           |       |    45 |    52 |    19 ||   116
       Boomerang         |       |       |    26 |     4 ||    30
Invok: Heroism           |       |       |     5 |    13 ||    18
  Use: Scroll            |     1 |     8 |    10 |     3 ||    22
       Potion            |     1 |     2 |     5 |     1 ||     9
Armor: Scale mail        |    53 |   117 |     1 |       ||   171
       Plate armour      |       |       |   263 |   134 ||   397
Dodge: Dodged            |    47 |    86 |   110 |    63 ||   306
Block: Buckler           |    30 |    38 |    94 |    42 ||   204

Table legend:
 A = Non-vault XP
 B = Vault XP
 C = Vault XP percentage of total XP
 D = Non-vault monster count
 E = Vault monster count
 F = Vault count percentage of total count
                 A         B        C        D         E       F
            +---------+---------+-------+---------+---------+-------
      Total |    7547 |    3156 |  29.5 |     225 |      29 |  11.4
            +---------+---------+-------+---------+---------+-------
        D:1 |      70 |       0 |   0.0 |      34 |       0 |   0.0
        D:2 |      19 |      73 |  79.3 |      11 |       2 |  15.4
        D:3 |      68 |      22 |  24.4 |      25 |      12 |  32.4
        D:4 |     308 |     162 |  34.5 |      32 |       1 |   3.0
        D:5 |     607 |       0 |   0.0 |      16 |       0 |   0.0
        D:6 |     721 |       0 |   0.0 |      22 |       0 |   0.0
        D:7 |     356 |       0 |   0.0 |      23 |       0 |   0.0
        D:8 |    2056 |     758 |  26.9 |      32 |       4 |  11.1
        D:9 |    1716 |     448 |  20.7 |      22 |       3 |  12.0
       D:10 |    1626 |    1693 |  51.0 |       8 |       7 |  46.7
            +---------+---------+-------+---------+---------+-------
